 Dungeon Crawl Stone Soup version 0.24.1-14-gf8d2b509d9 (webtiles) character file.

Game seed: 10680533316727014881, levelgen mode: deterministic

239 Gruesph the Summoner (level 6, 0/44 HPs)
             Began as a Gnoll Wanderer on May 26, 2020.
             Slain by Pikel
             ... wielding a +0 whip of flaming
              (2 damage)
             ... on level 4 of the Dungeon.
             The game lasted 00:13:45 (4646 turns).

Gruesph the Summoner (Gnoll Wanderer)               Turns: 4646, Time: 00:13:46

Health: 0/44       AC:  5    Str: 17    XL:     6   Next: 7%
Magic:  13/13      EV: 10    Int: 16    God:
Gold:   160        SH:  4    Dex: 12    Spells: 8/15 levels left

rFire    + . .     SeeInvis .   a - +2 dagger (elec)
rCold    + . .     Gourm    .   j - +0 buckler
rNeg     . . .     Faith    .   g - +0 ring mail
rPois    +         Spirit   .   (no helmet)
rElec    .         Reflect  .   m - scarf {rC+ rF+}
rCorr    .         Harm     .   (no gloves)
MR       .....                  (no boots)
Stlth    +.........             (no amulet)
HPRegen  0.14/turn              s - ring of poison resistance
MPRegen  0.13/turn              (no ring)

@: no status effects
A: distributed training, fangs 1, strong nose
a: no special abilities


You were on level 4 of the Dungeon.
You were not hungry.

You visited 1 branch of the dungeon, and saw 4 of its levels.

You collected 160 gold pieces.

Inventory:

Hand Weapons
 a - a +2 dagger of electrocution (weapon)
 b - a +0 hunting sling
Missiles
 e - 126 stones (quivered)
 h - 21 sling bullets
 o - 24 poisoned darts
Armour
 g - a +0 ring mail (worn)
 j - a +0 buckler (worn)
 m - a scarf of resistance (worn)
Jewellery
 i - an uncursed ring of stealth {unknown}
 n - an uncursed amulet of faith
 s - a ring of poison resistance (left hand)
Wands
 c - a wand of random effects (15)
 u - a wand of enslavement (9)
Scrolls
 p - 5 scrolls of teleportation
 r - a scroll of remove curse {unknown}
Potions
 d - a potion of haste
 k - 2 potions of lignification
 l - a potion of flight
 q - a potion of curing {unknown}
 t - 3 potions of might
Comestibles
 f - 7 rations


   Skills:
 + Level 1.7 Fighting
 + Level 1.7 Short Blades
 + Level 1.7 Long Blades
 + Level 1.7 Axes
 + Level 1.7 Maces & Flails
 + Level 1.7 Polearms
 + Level 1.7 Staves
 + Level 1.7 Slings
 + Level 1.7 Bows
 + Level 1.7 Crossbows
 + Level 1.7 Throwing
 + Level 1.7 Armour
 + Level 1.7 Dodging
 + Level 2.9 Stealth
 + Level 1.7 Shields
 + Level 1.7 Unarmed Combat
 + Level 5.3 Spellcasting
 + Level 1.3 Conjurations
 + Level 1.3 Hexes
 + Level 1.3 Charms
 + Level 8.9 Summonings
 + Level 2.5 Necromancy
 + Level 1.3 Translocations
 + Level 1.3 Transmutations
 + Level 1.3 Fire Magic
 + Level 1.3 Ice Magic
 + Level 1.3 Air Magic
 + Level 1.3 Earth Magic
 + Level 1.3 Poison Magic
 + Level 2.0 Invocations
 + Level 3.1 Evocations


You had 8 spell levels left.
You knew the following spells:

 Your Spells              Type           Power        Failure   Level  Hunger
a - Magic Dart            Conj           #...         21%         1    None
b - Call Imp              Summ           ####....     1%          2    #......
c - Blink                 Tloc           N/A          30%         2    #......
d - Ensorcelled Hibernat  Hex/Ice        #.....       30%         2    #......

Your spell library contained the following spells:

 Spells                   Type           Power        Failure   Level  Hunger
 Slow                     Hex            #.......     30%         2    #......
 Throw Frost              Conj/Ice       #.....       30%         2    #......
 Conjure Flame            Conj/Fire      #.......     52%         3    ###....
 Mephitic Cloud           Conj/Pois/Air  #.......     52%         3    ###....


Dungeon Overview and Level Annotations

Branches:
Dungeon (4/15)
 Temple: D:4-7

Altars:
Nemelex Xobeh

Annotations:
D:4 Pikel


Innate Abilities, Weirdness & Mutations

Your experience applies equally to all skills.
You have very sharp teeth.
Your uncanny sense of smell can sniff out nearby items.


Message History

The slave closely misses you. The slave hits you. The slave closely misses you.
The slave hits you.
Pikel hits you with a +0 whip of flaming.
Pikel burns you. The slave hits you.
You closely miss Pikel. Pikel hits you but does no damage. The slave hits you.
You block the slave's attack. The slave hits you.
The slave hits you but does no damage.
You closely miss Pikel. You bite Pikel.
Pikel is lightly wounded.
Pikel hits you with a +0 whip of flaming.
The slave closely misses you. x2; The slave hits you.
* * * LOW HITPOINT WARNING * * *
You block the slave's attack.
You hit Pikel.
Pikel is lightly wounded.
Pikel hits you with a +0 whip of flaming!
* * * LOW HITPOINT WARNING * * *
Pikel burns you.
You die...

#....>.####...#####
#......#.......###
##...............)##
#..................#
#....<.......#####..
##.........###* ##.
#.......#### ##
#...pp### # ##..@p#
* #..pK# # ###..# #
#..# **# ##.#* ***,.
#..* ****,,.# #..*
***,,,,***
*..#****,,,******
****,,**,,,,*** **,,


You could see Pikel and 4 slaves.

Vanquished Creatures
  Ijyb (D:4)
  Natasha (D:4)
  A worker ant (D:4)
  4 adders (D:2)
  A gnoll (D:3)
  An adder skeleton (D:4)
  4 worms
  2 dart slugs
  5 leopard geckos (D:2)
  2 orcs (D:3)
  10 bats
  7 giant cockroaches
  7 goblins
  6 hobgoblins
  5 jackals
  A ball python (D:2)
  7 frilled lizards
  11 kobolds
  6 rats
82 creatures vanquished.

Vanquished Creatures (collateral kills)
  2 gnolls (D:3)
  A worm (D:3)
3 creatures vanquished.

Grand Total: 85 creatures vanquished

Notes
Turn   | Place    | Note
-------+----------+-------------------------------------------
     0 | D:1      | Gruesph the Gnoll Wanderer began the quest for the Orb.
     0 | D:1      | Gruesph set off with the following items: a +0 club, a wand
                  | of random effects (15), a +0 robe, a ration; and the
                  | following spell memorised: Magic Dart; and the following
                  | spells available to memorise: Call Imp, Blink, Ensorcelled
                  | Hibernation, Slow, Throw Frost, Conjure Flame, Mephitic
                  | Cloud
     0 | D:1      | Reached XP level 1. HP: 13/13 MP: 6/6
   353 | D:1      | Reached XP level 2. HP: 16/19 MP: 3/7
   828 | D:1      | Learned a level 2 spell: Call Imp
   961 | D:2      | Reached XP level 3. HP: 22/25 MP: 9/9
   995 | D:2      | Reached skill level 5 in Spellcasting
  1190 | D:2      | Reached skill level 1 in Invocations
  1328 | D:2      | Reached skill level 1 in Fighting
  1328 | D:2      | Reached skill level 1 in Short Blades
  1328 | D:2      | Reached skill level 1 in Long Blades
  1328 | D:2      | Reached skill level 1 in Axes
  1328 | D:2      | Reached skill level 1 in Maces & Flails
  1328 | D:2      | Reached skill level 1 in Polearms
  1328 | D:2      | Reached skill level 1 in Staves
  1328 | D:2      | Reached skill level 1 in Slings
  1328 | D:2      | Reached skill level 1 in Bows
  1328 | D:2      | Reached skill level 1 in Crossbows
  1328 | D:2      | Reached skill level 1 in Throwing
  1328 | D:2      | Reached skill level 1 in Armour
  1328 | D:2      | Reached skill level 1 in Dodging
  1328 | D:2      | Reached skill level 1 in Shields
  1328 | D:2      | Reached skill level 1 in Unarmed Combat
  1328 | D:2      | Reached XP level 4. HP: 28/32 MP: 11/11
  1487 | D:2      | Learned a level 2 spell: Blink
  1490 | D:2      | Learned a level 2 spell: Ensorcelled Hibernation
  1826 | D:2      | Noticed a sky beast
  2399 | D:2      | Reached skill level 1 in Conjurations
  2399 | D:2      | Reached skill level 1 in Hexes
  2399 | D:2      | Reached skill level 1 in Charms
  2399 | D:2      | Reached skill level 1 in Translocations
  2399 | D:2      | Reached skill level 1 in Transmutations
  2399 | D:2      | Reached skill level 1 in Fire Magic
  2399 | D:2      | Reached skill level 1 in Ice Magic
  2399 | D:2      | Reached skill level 1 in Air Magic
  2399 | D:2      | Reached skill level 1 in Earth Magic
  2399 | D:2      | Reached skill level 1 in Poison Magic
  3227 | D:3      | Reached XP level 5. HP: 37/37 MP: 12/12
  3341 | D:3      | Found a faded altar of an unknown god.
  3490 | D:3      | Found a sparkling altar of Nemelex Xobeh.
  4140 | D:4      | Noticed Natasha
  4153 | D:4      | Killed Natasha
  4241 | D:4      | Noticed a phantom
  4507 | D:4      | Noticed Ijyb
  4518 | D:4      | Killed Ijyb
  4624 | D:4      | Reached XP level 6. HP: 44/44 MP: 13/13
  4634 | D:4      | Noticed a slave
  4634 | D:4      | Noticed a slave
  4635 | D:4      | Noticed a slave
  4636 | D:4      | Noticed a slave
  4637 | D:4      | Noticed Pikel
  4646 | D:4      | HP: 2/44 [Pikel/+0 whip of flaming (7)]
  4646 | D:4      | Slain by Pikel

Levels and vault maps discovered:
D:1:      scummos_arrival_checkerplants, layout_rooms
D:2:      layout_loops_ring, roderic_lattice_a
D:3:      layout_basic, nemelex_altar_shiori, chequers_ecumenical_altar_simple,
          first_ration, minmay_misc_feat_four_crosses
D:4:      layout_cave_pods, uniq_pikel, uniq_natasha, uniq_ijyb, uniq_grinder,
          uniq_sigmund

Skill      XL: |  1  2  3  4  5 |
---------------+----------------+-----
Necromancy     | 2 |  2.5
Spellcasting   | 5 |  5.3
Invocations    | 1 2 |  2.0
Fighting       | 1 |  1.7
Short Blades   | 1 |  1.7
Long Blades    | 1 |  1.7
Axes           | 1 |  1.7
Maces & Flails | 1 |  1.7
Polearms       | 1 |  1.7
Staves         | 1 |  1.7
Slings         | 1 |  1.7
Bows           | 1 |  1.7
Crossbows      | 1 |  1.7
Throwing       | 1 |  1.7
Armour         | 1 |  1.7
Dodging        | 1 |  1.7
Shields        | 1 |  1.7
Unarmed Combat | 1 |  1.7
Conjurations   | 1 |  1.3
Hexes          | 1 |  1.3
Charms         | 1 |  1.3
Translocations | 1 |  1.3
Transmutations | 1 |  1.3
Fire Magic     | 1 |  1.3
Ice Magic      | 1 |  1.3
Air Magic      | 1 |  1.3
Earth Magic    | 1 |  1.3
Poison Magic   | 1 |  1.3
Evocations     | 3 |  3.1
Stealth        | |  2.9
Summonings     | |  8.9

Action                   |  1- 3 |  4- 6 || total
-------------------------+-------+-------++-------
Melee: Club              |    19 |       ||    19
       Bite              |     6 |    14 ||    20
       Dagger            |    68 |   164 ||   232
       Punch             |     1 |       ||     1
 Fire: Hunting sling     |       |     4 ||     4
Throw: Stone             |       |     3 ||     3
 Cast: Magic Dart        |    14 |     2 ||    16
       Call Imp          |       |     5 ||     5
       Ensorcelled Hiber |       |     1 ||     1
  Use: Potion            |       |     1 ||     1
       Scroll            |       |     6 ||     6
 Stab: Sleeping          |       |     1 ||     1
  Eat: Chunk             |     1 |    11 ||    12
Armor: Ring mail         |    34 |    42 ||    76
       Robe              |     1 |       ||     1
Dodge: Dodged            |    48 |    73 ||   121
Block: Buckler           |    11 |    23 ||    34
